 Dungeon Crawl Stone Soup version 0.24.0-124-g2791043dd8 (webtiles) character file.

Game seed: 371179717936180738, levelgen mode: deterministic

162541 Chiseanne the Thaumaturge (level 17, 0/133 HPs)
             Began as a Gnoll Skald on Feb 15, 2020.
             Was an Initiate of Gozag.
             Slain by an entropy weaver (4 damage)
             ... on level 1 of the Spider Nest.
             The game lasted 02:42:21 (39158 turns).

Chiseanne the Thaumaturge (Gnoll Skald)            Turns: 39158, Time: 02:42:21

Health: 0/133      AC: 11    Str: 19    XL:     17   Next: 51%
Magic:  0/42       EV: 22    Int: 37    God:    Gozag
Gold:   1224       SH:  0    Dex: 13    Spells: 0/40 levels left

rFire    . . .     SeeInvis +   s - +7 scimitar (flame)
rCold    + . .     Gourm    .   (no shield)
rNeg     . . .     Faith    .   t - +2 ring mail "Facar" {MR+ Str+3 Int+4 Slay+2}
rPois    +         Spirit   +   M - +2 helmet {Int+3}
rElec    +         Reflect  .   T - +1 cloak of Starlight {rElec rC+ EV+4 Stlth--}
rCorr    .         Harm     .   l - -3 pair of gloves "Iheipean" {rPois rF- Int+5}
MR       ++...                  F - +0 pair of boots of the End {rPois rF+ Dex-5}
Stlth    ..........             J - amulet of guardian spirit
HPRegen  0.32/turn              Z - ring "Myirch" {MP+9 Int+8}
MPRegen  0.28/turn              U - ring "Guagh" {rPois SInv}

@: confused, corroded, gold aura
A: distributed training, fangs 1, subdued magic 1, strong nose
}: 1/15 runes: decaying
a: Potion Petition, Call Merchant, Bribe Branch, Renounce Religion


You were on level 1 of the Spider Nest.
You worshipped Gozag.
Gozag was most pleased with you.
You were full.

You visited 6 branches of the dungeon, and saw 29 of its levels.

You collected 11566 gold pieces.
You spent 6729 gold pieces at shops.
You paid 3613 gold pieces to Gozag.

Inventory:

Hand Weapons
 a - the +11 dagger of Arrival {elec, rElec Dex+2}
   (You found it on level 14 of the Dungeon)

   Occasionally, upon striking a foe, it will discharge some electrical energy
   and cause terrible harm.
   It affects your dexterity (+2).
   It insulates you from electricity.
 s - a +7 scimitar of flaming (weapon)
 w - the +7 shortbow of Demn {speed, *Slow MR+ Str-3 Int+2 Dex+7}
   (You found it on level 9 of the Dungeon)

   Attacks with this weapon are significantly faster.
   It affects your strength (-3).
   It affects your intelligence (+2).
   It affects your dexterity (+7).
   It affects your resistance to hostile enchantments.
   It may slow you when you take damage.
Missiles
 n - 42 boomerangs (quivered)
 p - 13 curare-tipped darts
 B - 254 arrows
 E - 6 boomerangs of dispersal
 N - 21 javelins
 O - a throwing net
Armour
 l - the -3 pair of gloves "Iheipean" (worn) {rPois rF- Int+5}
   (You bought it in a shop on level 15 of the Dungeon)

   It affects your intelligence (+5).
   It makes you vulnerable to fire.
   It protects you from poison.
 t - the +2 ring mail "Facar" (worn) {MR+ Str+3 Int+4 Slay+2}
   (You bought it in a shop on level 15 of the Dungeon)

   It affects your strength (+3).
   It affects your intelligence (+4).
   It affects your accuracy and damage with ranged weapons and melee attacks
   (+2).
   It affects your resistance to hostile enchantments.
 F - the +0 pair of boots of the End (worn) {rPois rF+ Dex-5}
   (You bought it in a shop on level 2 of the Orcish Mines)

   It affects your dexterity (-5).
   It protects you from fire.
   It protects you from poison.
 M - a +2 helmet of intelligence (worn)
 T - the +1 cloak of Starlight (worn) {rElec rC+ EV+4 Stlth--}
   (You bought it in a shop on level 15 of the Dungeon)

   It affects your evasion (+4).
   It protects you from cold.
   It insulates you from electricity.
   It makes you much less stealthy.
Jewellery
 J - an amulet of guardian spirit (around neck)
 U - the ring "Guagh" (right hand) {rPois SInv}
   (You bought it in a shop on level 8 of the Dungeon)

   [ring of see invisible]

   It protects you from poison.
   It lets you see invisible.
 Z - the ring "Myirch" (left hand) {MP+9 Int+8}
   (You took it off Donald on level 3 of the Swamp)

   [ring of magical power]

   It affects your intelligence (+8).
   It affects your magic capacity (+9).
Wands
 e - a wand of scattershot (4)
 i - a wand of disintegration (8)
 v - a wand of digging (6)
 C - a wand of iceblast (9)
 V - a wand of paralysis (3)
Scrolls
 h - 15 scrolls of remove curse
 j - 4 scrolls of fear
 y - 8 scrolls of teleportation
 K - 4 scrolls of fog
 L - 4 scrolls of magic mapping
 R - 8 scrolls of identify
Potions
 f - a potion of magic
 k - 17 potions of curing
 z - 5 potions of flight
 A - a potion of berserk rage
 G - 3 potions of cancellation
 H - 4 potions of haste
 Q - a potion of heal wounds
 W - 4 potions of resistance
 Y - a potion of agility
Miscellaneous
 b - a box of beasts
 o - a phial of floods
 X - a lightning rod (4/4)
Comestibles
 d - 6 rations


   Skills:
 + Level 12.1 Fighting
 + Level 11.4 Short Blades
 + Level 12.1 Long Blades
 + Level 11.4 Axes
 + Level 11.4 Maces & Flails
 + Level 11.4 Polearms
 + Level 11.4 Staves
 + Level 11.4 Slings
 + Level 11.4 Bows
 + Level 11.4 Crossbows
 + Level 11.4 Throwing
 + Level 11.6 Armour
 + Level 12.1 Dodging
 + Level 11.4 Stealth
 + Level 11.4 Shields
 + Level 11.4 Unarmed Combat
 + Level 12.3 Spellcasting
 + Level 9.7 Conjurations
 + Level 9.7 Hexes
 + Level 11.0 Charms
 + Level 9.7 Summonings
 + Level 9.7 Necromancy
 + Level 9.7 Translocations
 + Level 9.7 Transmutations
 + Level 9.7 Fire Magic
 + Level 9.7 Ice Magic
 + Level 9.7 Air Magic
 + Level 9.7 Earth Magic
 + Level 9.7 Poison Magic
 + Level 12.3 Invocations
 + Level 11.4 Evocations


You couldn't memorise any spells.
You knew the following spells:

 Your Spells              Type           Power        Failure   Level  Hunger
a - Apportation           Tloc           ######       1%          1    None
b - Shadow Creatures      Summ           N/A          6%          6    ###....
c - Summon Lightning Spi  Summ/Air       ######..     1%          4    None
d - Shroud of Golubria    Chrm/Tloc      ######       1%          2    None
e - Aura of Abjuration    Summ           ######....   1%          5    None
f - Regeneration          Chrm/Necr      ######....   1%          3    None
g - Summon Mana Viper     Hex/Summ       ######..     1%          5    None
h - Summon Demon          Summ           ######....   1%          5    None
i - Summon Forest         Summ/Tloc      ######....   1%          5    None
k - Force Lance           Conj/Tloc      ######..     1%          4    None

Your spell library contained the following spells:

 Spells                   Type           Power        Failure   Level  Hunger
 Infusion                 Chrm           ####         0%          1    None
 Animate Skeleton         Necr           N/A          1%          1    None
 Flame Tongue             Conj/Fire      #####        1%          1    None
 Magic Dart               Conj           ####         1%          1    None
 Pain                     Necr           ####         1%          1    None
 Sandblast                Erth           ######       1%          1    None
 Summon Butterflies       Summ           ######..     1%          1    None
 Passwall                 Tmut/Erth      ######..     1%          2    None
 Searing Ray              Conj           ######       1%          2    None
 Song of Slaying          Chrm           ######..     1%          2    None
 Throw Flame              Conj/Fire      ######       1%          2    None
 Conjure Flame            Conj/Fire      ######..     1%          3    None
 Dazzling Spray           Conj/Hex       ######       1%          3    None
 Inner Flame              Hex/Fire       ######..     1%          3    None
 Lesser Beckoning         Tloc           ######....   1%          3    None
 Recall                   Summ/Tloc      N/A          1%          3    None
 Spectral Weapon          Hex/Chrm       ######..     1%          3    None
 Stone Arrow              Conj/Erth      ######       1%          3    None
 Tukima's Dance           Hex            ######..     1%          3    None
 Vampiric Draining        Necr           ######....   1%          3    None
 Animate Dead             Necr           N/A          1%          4    None
 Fulminant Prism          Conj/Hex       ######....   1%          4    None
 Ice Form                 Ice/Tmut       ######..     1%          4    None
 Iskenderun's Mystic Bla  Conj           ######..     1%          4    None
 Petrify                  Tmut/Erth      ######..     1%          4    None
 Sticky Flame             Conj/Fire      ######..     1%          4    None
 Alistair's Intoxication  Tmut/Pois      ######..     1%          5    None
 Fireball                 Conj/Fire      ######....   1%          5    None
 Lee's Rapid Deconstruct  Erth           ######....   1%          5    None
 Metabolic Englaciation   Hex/Ice        ######....   1%          5    None
 Silence                  Hex/Air        ######....   1%          5    None
 Deflect Missiles         Chrm/Air       ######....   4%          6    ###....
 Bolt of Cold             Conj/Ice       ######....   6%          6    ###....
 Conjure Ball Lightning   Conj/Air       ######....   6%          6    ###....
 Freezing Cloud           Conj/Ice/Air   ######....   6%          6    ###....
 Invisibility             Hex            ######..     6%          6    ###....
 Ozocubu's Refrigeration  Ice            ######....   6%          6    ###....
 Simulacrum               Ice/Necr       ######....   6%          6    ###....
 Tornado                  Air            ######....   100%        9    #######


Dungeon Overview and Level Annotations

Branches:
Dungeon (15/15)            Temple (1/1) D:7            Lair (6/6) D:10
  Swamp (4/4) Lair:3       Spider (1/4) Lair:2        Slime (0/5) Lair:5
    Orc (2/2) D:9             Elf (0/3) Orc:2        Vaults (0/5) D:14
 Depths (0/5) D:15

Altars:
Ashenzari
Cheibriados
Dithmenos
Elyvilon
Fedhas
Gozag
Hepliaklqana
Kikubaaqudgha
Makhleb
Nemelex Xobeh
Okawaru
Qazlal
Ru
Sif Muna
Trog
Uskayaw
Vehumet
Wu Jian
Xom
Yredelemnul
Zin
The Shining One
Beogh
Jiyva

Shops:
D:8 *=[   D:15 [([=   Orc:1 [   Orc:2 ***

Portals:
Trove: D:15 (give +4 shadow dragon scales)

Annotations:
D:8 2 transporters, 4 runed translucent doors, Xerdoz's ghost, novice TrHu
D:10 3 runed translucent doors, ChadusMaximus's ghost, journeyman MiBe
Spider:1 Jorgrun
Orc:2 exclusion: upstairs


Innate Abilities, Weirdness & Mutations

Your experience applies equally to all skills.
You have very sharp teeth.
Your uncanny sense of smell can sniff out nearby items.
Your spells are a little easier to cast, but a little less powerful.


Message History

The wolf spider barely misses your mana viper.
The wolf spider bites your mana viper! The tarantella bites you!
* * * LOW HITPOINT WARNING * * *
You are confused.
The wolf spider hits you!!
* * * LOW HITPOINT WARNING * * *
The wolf spider closely misses you. The tarantella bites your hellwing.
Your hellwing barely misses the tarantella.
Your hellwing hits the tarantella but does no damage.
Your chaos spawn hits the jumping spider but does no damage.
The jumping spider is no longer distracted by gold.
The jumping spider pounces on your chaos spawn!
Your chaos spawn is caught in a web!
The jumping spider bites your chaos spawn.
Your mana viper bites the wolf spider!!
The wolf spider dies!
The tarantella barely misses you. The entropy weaver misses you.
The entropy weaver hits you.
You die...
Your body crumbles into a pile of gold.

....≈.≈.≈..
.#...g≈≈≈≈.
...s.≈≈≈≈≈♣#
.....≈≈≈≈≈.##
....$....≈..#
♣.....S.....♣
......s$♣...#
.....sa@.$..♣
♣....sss4..♣#
#####.4..s♣....
#♣.........
..♣♣...... #♣♣
#..... .....
#...#


You could see Jorgrun, an entropy weaver, a wolf spider, an orb spider, 2
jumping spiders, 3 tarantellas, a friendly mana viper, a friendly hellwing and a
friendly chaos spawn (webbed).

Vanquished Creatures
  the Lernaean hydra (Swamp:4)
  Gastronok (D:10)
  An acid blob (Lair:5)
  2 thorn hunters
  Donald (Swamp:3)
  The ghost of Potutehi the Blocker, a journeyman DDFi of Makhleb (Orc:1)
  Nessos (D:13)
  The ghost of Beischinu the Blocker, a journeyman MiFi of Okawaru (Lair:1)
  Azrael (D:13)
  Josephine (D:12)
  2 fire dragons
  Fannar (Lair:3)
  Erolcha (Orc:1)
  An ice dragon (D:15)
  17 hydras
  A ghost crab (Swamp:4)
  12 alligators
  7 two-headed ogres
  5 death yaks (Lair:6)
  An ogre mage (D:15)
  4 tengu warriors
  An orc high priest (Orc:2)
  Urug (D:12)
  Sonja (D:13)
  An unseen horror (shapeshifter) (D:14)
  An unseen horror (D:11)
  3 spriggan druids
  A wizard (D:10)
  A harpy (shapeshifter) (D:15)
  Pikel (D:9)
  7 swamp dragons
  2 necromancers (D:14)
  6 orc knights
  4 harpies
  5 orc sorcerers (Orc:2)
  24 ugly things
  An orb spider (Lair:2)
  A salamander (Lair:3)
  7 elephants (Lair:6)
  2 manticores (D:14)
  2 centaur zombies
  4 torpor snails (Lair:2)
  5 black mambas
  2 gargoyles
  4 rime drakes
  9 komodo dragons
  8 spiny frogs
  A freezing wraith (D:14)
  2 efreet
  2 demonic crawlers (Lair:6)
  A merfolk (D:9)
  10 trolls
  A tengu conjurer (D:15)
  7 tyrant leeches
  2 hornets
  A wolf spider simulacrum (D:14)
  2 polar bears
  7 dream sheep (Lair:5)
  12 hippogriffs
  14 slime creatures
  3 bog bodies (Swamp:1)
  19 blink frogs
  A meliai zombie (D:10)
  7 wraiths
  3 centaur simulacra
  A water elemental (D:14)
  2 spriggans (Swamp:3)
  4 redbacks (Spider:1)
  A vampire (D:12)
  A hog (D:7)
  39 yaks
  4 shadows
  A wyvern (D:12)
  A golden eye (shapeshifter) (D:10)
  2 steam dragons
  7 basilisks
  3 fire elementals
  4 hungry ghosts
  23 vampire mosquitoes
  11 swamp worms
  5 acid dragons
  7 wargs
  A soldier ant (D:11)
  3 hell hounds (D:13)
  11 water moccasins
  12 porcupines
  11 swamp drakes
  A black bear (shapeshifter) (D:14)
  12 ice beasts
  26 orc warriors
  4 sky beasts
  A black bear (D:7)
  2 slaves (D:9)
  3 necrophages
  4 phantoms
  A hornet zombie (D:12)
  15 wolves
  13 ogres
  11 centaurs
  16 crocodiles
  19 bullfrogs
  2 gnoll sergeants
  A water moccasin zombie (D:9)
  5 scorpions
  11 killer bees
  5 wights (D:7)
  2 electric eels (D:14)
  3 howler monkeys
  7 crimson imps
  A bullfrog zombie (D:8)
  10 hounds
  11 jellies
  Crazy Yiuf (D:2)
  26 orc priests
  3 centaur skeletons
  46 orc wizards
  Terence (D:2)
  5 iguanas
  A hell rat (D:12)
  14 worker ants
  2 killer bee zombies
  A hound zombie (D:7)
  A hound skeleton (D:6)
  10 gnolls
  2 howler monkey skeletons
  14 adders
  4 shadow imps
  3 white imps (D:14)
  2 adder zombies
  An adder skeleton (D:8)
  2 worms
  A dart slug (D:4)
  5 leopard geckos
  115 orcs
  6 bats
  6 giant cockroaches
  6 hobgoblins
  7 jackals
  8 kobolds
  9 quokkas
  4 ball pythons
  10 frilled lizards
  8 goblins
  A leopard gecko zombie (D:5)
  9 rats
  A plant (Lair:6)
937 creatures vanquished.

Vanquished Creatures (collateral kills)
  Kirke (Swamp:1)
  4 hydras
  2 ghost crabs
  3 shambling mangroves
  A spriggan (Swamp:2)
  10 slime creatures
  A swamp dragon (Swamp:4)
  2 wolf spiders (Spider:1)
  7 ugly things
  A spiny frog (Swamp:2)
  2 tyrant leeches (Swamp:3)
  6 hornets
  2 bog bodies
  2 redbacks (Spider:1)
  6 hogs (Swamp:1)
  2 vampire mosquitoes
  8 swamp worms
  5 swamp drakes
65 creatures vanquished.

Vanquished Creatures (others)
  A dancing weapon (D:12)
  A tyrant leech (Swamp:4)
  An iron imp (D:9)
  7 fungi
  15 plants
25 creatures vanquished.

Grand Total: 1027 creatures vanquished

Notes
Turn   | Place    | Note
-------+----------+-------------------------------------------
     0 | D:1      | Chiseanne the Gnoll Skald began the quest for the Orb.
     0 | D:1      | Reached XP level 1. HP: 20/20 MP: 6/6
    32 | D:1      | Reached XP level 2. HP: 23/26 MP: 7/7
   692 | D:1      | Reached XP level 3. HP: 31/31 MP: 9/9
   959 | D:2      | Reached skill level 5 in Spellcasting
  1110 | D:2      | Found a runed translucent door.
  1111 | D:2      | Noticed Crazy Yiuf
  1139 | D:2      | Reached skill level 1 in Invocations
  1508 | D:2      | Reached skill level 1 in Short Blades
  1508 | D:2      | Reached skill level 1 in Axes
  1508 | D:2      | Reached skill level 1 in Maces & Flails
  1508 | D:2      | Reached skill level 1 in Polearms
  1508 | D:2      | Reached skill level 1 in Staves
  1508 | D:2      | Reached skill level 1 in Slings
  1508 | D:2      | Reached skill level 1 in Bows
  1508 | D:2      | Reached skill level 1 in Crossbows
  1508 | D:2      | Reached skill level 1 in Throwing
  1508 | D:2      | Reached skill level 1 in Stealth
  1508 | D:2      | Reached skill level 1 in Shields
  1508 | D:2      | Reached skill level 1 in Unarmed Combat
  1508 | D:2      | Reached skill level 1 in Evocations
  1508 | D:2      | Reached XP level 4. HP: 15/38 MP: 11/11
  1752 | D:2      | Noticed Terence
  1764 | D:2      | Killed Terence
  2589 | D:2      | Killed Crazy Yiuf
  2589 | D:2      | Reached skill level 1 in Conjurations
  2589 | D:2      | Reached skill level 1 in Hexes
  2589 | D:2      | Reached skill level 1 in Summonings
  2589 | D:2      | Reached skill level 1 in Necromancy
  2589 | D:2      | Reached skill level 1 in Translocations
  2589 | D:2      | Reached skill level 1 in Transmutations
  2589 | D:2      | Reached skill level 1 in Fire Magic
  2589 | D:2      | Reached skill level 1 in Ice Magic
  2589 | D:2      | Reached skill level 1 in Air Magic
  2589 | D:2      | Reached skill level 1 in Earth Magic
  2589 | D:2      | Reached skill level 1 in Poison Magic
  2756 | D:3      | Reached XP level 5. HP: 41/43 MP: 12/12
  3368 | D:4      | Found a sparkling altar of Nemelex Xobeh.
  3707 | D:4      | Reached XP level 6. HP: 46/50 MP: 13/13
  3840 | D:4      | Got an ichor-stained robe
  4057 | D:4      | Identified the +2 robe of Kastragh {rElec rC- rN+} (You
                  | found it on level 4 of the Dungeon)
  4104 | D:5      | Entered Level 5 of the Dungeon
  4134 | D:5      | Reached skill level 5 in Fighting
  4134 | D:5      | Reached skill level 5 in Long Blades
  4134 | D:5      | Reached skill level 5 in Dodging
  4157 | D:5      | Noticed a sky beast
  4179 | D:5      | Killed a sky beast
  4179 | D:5      | Reached XP level 7. HP: 41/56 MP: 15/15
  4587 | D:5      | Found a basalt altar of Yredelemnul.
  4840 | D:5      | Reached XP level 8. HP: 59/63 MP: 16/16
  4963 | D:5      | Got a transparent dagger
  5041 | D:5      | Identified the cursed +0 dagger of Temperance {elec, Str+2}
                  | (You found it on level 5 of the Dungeon)
  5908 | D:6      | Got an ichor-stained ring mail
  5919 | D:6      | Identified the +2 ring mail "Quovukecw" {*Contam Regen+
                  | Int+2 Stlth+} (You found it on level 6 of the Dungeon)
  5933 | D:6      | Found a stormy altar of Qazlal.
  5940 | D:6      | Found a blossoming altar of Fedhas.
  6156 | D:6      | Found a sacrificial altar of Ru.
  6261 | D:6      | Reached XP level 9. HP: 69/69 MP: 18/18
  6536 | D:6      | Found a hide-covered altar of Uskayaw.
  6912 | D:7      | Reached skill level 5 in Armour
  7264 | D:7      | Reached skill level 5 in Invocations
  7392 | D:7      | Reached XP level 10. HP: 43/76 MP: 20/20
  7471 | D:7      | Found a staircase to the Ecumenical Temple.
  7522 | Temple   | Entered the Ecumenical Temple
  7667 | Temple   | Became a worshipper of Gozag Ym Sagoz the Greedy
  7828 | D:8      | Found a transporter.
  7907 | D:8      | Found a transporter.
  7909 | D:8      | Noticed a deep elf mage
  7996 | D:8      | Reached skill level 5 in Short Blades
  7996 | D:8      | Reached skill level 5 in Axes
  7996 | D:8      | Reached skill level 5 in Maces & Flails
  7996 | D:8      | Reached skill level 5 in Polearms
  7996 | D:8      | Reached skill level 5 in Staves
  7996 | D:8      | Reached skill level 5 in Slings
  7996 | D:8      | Reached skill level 5 in Bows
  7996 | D:8      | Reached skill level 5 in Crossbows
  7996 | D:8      | Reached skill level 5 in Throwing
  7996 | D:8      | Reached skill level 5 in Stealth
  7996 | D:8      | Reached skill level 5 in Shields
  7996 | D:8      | Reached skill level 5 in Unarmed Combat
  7996 | D:8      | Reached skill level 5 in Evocations
  8144 | D:8      | Found Oxzoetoy's Antique Armour Shoppe.
  8154 | D:8      | Found Hesol's Magic Scroll Shoppe.
  8154 | D:8      | Found Vithridde's Jewellery Shoppe.
  8156 | D:8      | Found Litiseopu's General Store.
  8185 | D:8      | Bought a glowing buckler for 210 gold pieces
  8230 | D:8      | Bought a scroll of magic mapping for 38 gold pieces
  8230 | D:8      | Bought a potion of invisibility for 88 gold pieces
  8230 | D:8      | Bought a +0 helmet of intelligence for 126 gold pieces
  8233 | D:8      | Bought a scroll of identify for 26 gold pieces
  8233 | D:8      | Bought a scroll of identify for 26 gold pieces
  8252 | D:8      | Noticed a two-headed ogre
  8282 | D:8      | Killed a two-headed ogre
  8377 | D:8      | Noticed Xerdoz's ghost (novice TrHu)
  8378 | D:8      | Found a runed translucent gate.
  8378 | D:8      | Found a runed translucent gate.
  8378 | D:8      | Found a runed translucent gate.
  8379 | D:8      | Identified the +10 great sword of Winter {slice, rF+ rC+}
  8380 | D:8      | Found a roughly hewn altar of Beogh.
  8548 | D:8      | Found a glowing silver altar of Zin.
  8549 | D:8      | Noticed an angel
  8554 | D:8      | Found a runed translucent door.
  8817 | D:9      | Noticed a two-headed ogre
  8845 | D:9      | Killed a two-headed ogre
  8944 | D:8      | Bought a scroll of enchant weapon for 97 gold pieces
  8944 | D:8      | Bought a scroll of teleportation for 39 gold pieces
  8944 | D:8      | Bought a scroll of teleportation for 39 gold pieces
  9076 | D:9      | Got a crystal shortbow
  9082 | D:9      | Identified the +7 shortbow of Demn {speed, *Slow MR+ Str-3
                  | Int+2 Dex+7} (You found it on level 9 of the Dungeon)
  9206 | D:9      | Found a staircase to the Orcish Mines.
  9246 | D:9      | Reached XP level 11. HP: 74/84 MP: 22/22
  9777 | D:9      | Noticed Pikel
  9789 | D:9      | Killed Pikel
  9901 | D:9      | Found a shattered altar of Ashenzari.
 10171 | D:9      | Found a snail-covered altar of Cheibriados.
 10209 | D:10     | Entered Level 10 of the Dungeon
 10290 | D:10     | Reached skill level 5 in Conjurations
 10290 | D:10     | Reached skill level 5 in Hexes
 10290 | D:10     | Reached skill level 5 in Summonings
 10290 | D:10     | Reached skill level 5 in Necromancy
 10290 | D:10     | Reached skill level 5 in Translocations
 10290 | D:10     | Reached skill level 5 in Transmutations
 10290 | D:10     | Reached skill level 5 in Fire Magic
 10290 | D:10     | Reached skill level 5 in Ice Magic
 10290 | D:10     | Reached skill level 5 in Air Magic
 10290 | D:10     | Reached skill level 5 in Earth Magic
 10290 | D:10     | Reached skill level 5 in Poison Magic
 10374 | D:10     | Learned a level 1 spell: Apportation
 10378 | D:10     | Learned a level 3 spell: Tukima's Dance
 10519 | D:10     | Found a staircase to the Lair.
 10606 | D:10     | You fall into a shaft and drop 2 floors!
 10796 | D:11     | Noticed a brown ugly thing
 10916 | D:11     | Killed an unseen horror
 10928 | D:11     | Found a burning altar of Makhleb.
 11041 | D:11     | Noticed a purple ugly thing
 11077 | D:11     | Killed a purple ugly thing
 11269 | D:11     | Killed a brown ugly thing
 11338 | D:10     | Noticed a cyclops
 11396 | D:10     | Noticed a wizard
 11415 | D:10     | Killed a wizard
 11415 | D:10     | Reached XP level 12. HP: 40/93 MP: 24/24
 11424 | D:10     | Got a fine trident
 11593 | D:8      | Identified the cursed +3 trident of Trog's Regard {pierce,
                  | Str+3 SInv} (You found it on level 10 of the Dungeon)
 11599 | D:8      | Bought the ring "Guagh" {rPois SInv} for 314 gold pieces
 11611 | D:8      | Bought an uncursed amulet of guardian spirit for 360 gold
                  | pieces
 11761 | D:8      | Bought a scroll of vulnerability for 97 gold pieces
 11761 | D:8      | Bought a scroll of teleportation for 39 gold pieces
 12139 | D:10     | Noticed Gastronok
 12192 | D:10     | Killed Gastronok
 12397 | D:10     | Found a runed translucent gate.
 12397 | D:10     | Found a runed translucent gate.
 12397 | D:10     | Found a runed translucent gate.
 12398 | D:10     | Noticed ChadusMaximus's ghost (journeyman MiBe)
 12513 | D:8      | Bought a shiny shield for 210 gold pieces
 13870 | D:12     | Noticed a four-headed hydra
 13882 | D:12     | Killed a four-headed hydra
 14212 | D:12     | Noticed Josephine
 14228 | D:12     | Killed Josephine
 14314 | D:12     | Noticed Urug
 14324 | D:12     | Killed Urug
 14765 | D:8      | Bought a black opal-encrusted ring mail for 252 gold pieces
 14774 | D:8      | Bought a scroll of immolation for 45 gold pieces
 14774 | D:8      | Bought a scroll of remove curse for 39 gold pieces
 14774 | D:8      | Bought a scroll of enchant armour for 97 gold pieces
 14925 | D:13     | Reached XP level 13. HP: 16/101 MP: 5/26
 15139 | D:13     | Identified a scroll of acquirement
 15670 | D:13     | Noticed Nessos
 15686 | D:13     | Killed Nessos
 15713 | D:13     | Noticed Sonja
 15722 | D:13     | Killed Sonja
 16084 | D:13     | Noticed Azrael
 16292 | D:13     | Killed Azrael
 16789 | D:13     | Identified the +0 ring mail of Surprise {MR++ Int+4 SInv}
                  | (You bought it in a shop on level 8 of the Dungeon)
 17048 | D:14     | Found a gate to the Vaults.
 17350 | D:14     | Reached skill level 10 in Spellcasting
 17449 | D:14     | Reached XP level 14. HP: 109/109 MP: 28/28
 17453 | D:14     | Found a frozen archway.
 17758 | D:14     | Reached skill level 10 in Fighting
 17758 | D:14     | Reached skill level 10 in Long Blades
 17758 | D:14     | Reached skill level 10 in Dodging
 18042 | D:14     | Identified the +11 dagger of Arrival {elec, rElec Dex+2}
                  | (You found it on level 14 of the Dungeon)
 18628 | D:14     | Learned a level 3 spell: Spectral Weapon
 18646 | D:15     | Entered Level 15 of the Dungeon
 18975 | D:15     | Reached skill level 10 in Invocations
 19289 | D:15     | Found a portal to a secret trove of treasure.
 19358 | D:15     | Found a staircase to the Depths.
 19412 | D:15     | Bought a transparent hunting sling for 162 gold pieces
 19414 | D:15     | Bought a pair of transparent gloves for 199 gold pieces
 19419 | D:15     | Identified the cursed -3 pair of gloves "Iheipean" {rPois
                  | rF- Int+5} (You bought it in a shop on level 15 of the
                  | Dungeon)
 19435 | D:15     | Bought a jewelled ring mail for 189 gold pieces
 19435 | D:15     | Bought a transparent scale mail for 189 gold pieces
 19449 | D:15     | Identified the +2 ring mail "Facar" {MR+ Str+3 Int+4
                  | Slay+2} (You bought it in a shop on level 15 of the
                  | Dungeon)
 19459 | D:15     | Identified the +6 scale mail of the Hart {rElec rCorr} (You
                  | bought it in a shop on level 15 of the Dungeon)
 19466 | D:15     | Gained mutation: Your spells are a little easier to cast,
                  | but a little less powerful. [mutagenic glow]
 19487 | D:15     | Learned a level 2 spell: Shroud of Golubria
 19491 | D:15     | Learned a level 3 spell: Lesser Beckoning
 19495 | D:15     | Learned a level 3 spell: Regeneration
 19497 | D:15     | Learned a level 1 spell: Summon Butterflies
 20196 | Orc:1    | Entered Level 1 of the Orcish Mines
 20247 | Orc:1    | Found Ygiqay's Antique Armour Shoppe.
 21019 | Orc:1    | Noticed Erolcha
 21047 | Orc:1    | Reached XP level 15. HP: 117/117 MP: 29/29
 21062 | Orc:1    | Killed Erolcha
 21234 | Orc:2    | Entered Level 2 of the Orcish Mines
 21299 | Orc:1    | Found a runed translucent door.
 21300 | Orc:1    | Noticed Potutehi's ghost (journeyman DDFi)
 21362 | Orc:1    | Killed Potutehi's ghost
 21362 | Orc:1    | Reached skill level 10 in Armour
 21501 | Orc:2    | Found a staircase to the Elven Halls.
 22105 | Orc:2    | Found Usiwus's Assorted Antiques.
 22105 | Orc:2    | Found Xepteuca's Assorted Antiques.
 22105 | Orc:2    | Found Juygeleb's Assorted Antiques.
 22108 | Orc:2    | Found Viatwis's Distillery.
 22125 | Orc:2    | Bought a potion of cancellation for 120 gold pieces
 22125 | Orc:2    | Bought a potion of heal wounds for 75 gold pieces
 22125 | Orc:2    | Bought a potion of heal wounds for 75 gold pieces
 22125 | Orc:2    | Bought a potion of invisibility for 120 gold pieces
 22125 | Orc:2    | Bought a potion of might for 60 gold pieces
 22125 | Orc:2    | Bought a potion of lignification for 45 gold pieces
 22125 | Orc:2    | Bought a potion of berserk rage for 75 gold pieces
 22125 | Orc:2    | Bought a potion of curing for 45 gold pieces
 22125 | Orc:2    | Bought a potion of mutation for 120 gold pieces
 22128 | Orc:2    | Bought a translucent demon blade for 440 gold pieces
 22128 | Orc:2    | Bought a pair of spiked boots for 209 gold pieces
 22128 | Orc:2    | Bought a potion of invisibility for 176 gold pieces
 22143 | Orc:2    | Identified the cursed +0 pair of boots of the End {rPois
                  | rF+ Dex-5} (You bought it in a shop on level 2 of the
                  | Orcish Mines)
 22144 | Orc:2    | Identified the +4 hunting sling "Zinauv" {speed, Str+9
                  | Int+2} (You bought it in a shop on level 15 of the Dungeon)
 22145 | Orc:2    | Identified the +8 demon blade "Dilelo" {vamp, *Drain rElec
                  | rPois rC+} (You bought it in a shop on level 2 of the
                  | Orcish Mines)
 22149 | Orc:2    | Bought a potion of haste for 270 gold pieces
 22149 | Orc:2    | Bought a potion of heal wounds for 135 gold pieces
 22149 | Orc:2    | Bought a scroll of fog for 54 gold pieces
 22761 | Lair:1   | Entered Level 1 of the Lair of Beasts
 23310 | Lair:1   | Found a runed translucent gate.
 23311 | Lair:1   | Found a runed translucent gate.
 23312 | Lair:1   | Found a runed translucent gate.
 23314 | Lair:1   | Noticed Beischinu's ghost (journeyman MiFi)
 23316 | Lair:1   | Found a viscous altar of Jiyva.
 23356 | Lair:1   | Killed Beischinu's ghost
 23378 | Lair:1   | Got an opalescent robe
 23570 | Lair:1   | Identified the +2 robe of the Sparrow {*Contam rF+ rCorr
                  | SInv} (You found it on level 1 of the Lair of Beasts)
 23593 | Lair:1   | Learned a level 3 spell: Conjure Flame
 23598 | Lair:1   | Learned a level 4 spell: Petrify
 23603 | Lair:1   | Learned a level 4 spell: Sticky Flame
 23879 | Lair:1   | Reached skill level 10 in Charms
 24546 | Lair:2   | Found a snail-covered altar of Cheibriados.
 24561 | Lair:2   | Reached skill level 10 in Short Blades
 24561 | Lair:2   | Reached skill level 10 in Axes
 24561 | Lair:2   | Reached skill level 10 in Maces & Flails
 24561 | Lair:2   | Reached skill level 10 in Polearms
 24561 | Lair:2   | Reached skill level 10 in Staves
 24561 | Lair:2   | Reached skill level 10 in Slings
 24561 | Lair:2   | Reached skill level 10 in Bows
 24561 | Lair:2   | Reached skill level 10 in Crossbows
 24561 | Lair:2   | Reached skill level 10 in Throwing
 24561 | Lair:2   | Reached skill level 10 in Stealth
 24561 | Lair:2   | Reached skill level 10 in Shields
 24561 | Lair:2   | Reached skill level 10 in Unarmed Combat
 24561 | Lair:2   | Reached skill level 10 in Evocations
 25048 | Lair:2   | Found a hole to the Spider Nest.
 25166 | Lair:3   | Noticed Fannar
 25190 | Lair:3   | Killed Fannar
 25284 | Lair:3   | Found a staircase to the Swamp.
 25580 | Lair:3   | Learned a level 4 spell: Force Lance
 27019 | Lair:5   | Found a runed translucent door.
 27020 | Lair:5   | Found a viscous altar of Jiyva.
 27021 | Lair:5   | Found a staircase to the Slime Pits.
 27021 | Lair:5   | Noticed an acid blob
 27038 | Lair:5   | Killed an acid blob
 28063 | Lair:6   | Entered Level 6 of the Lair of Beasts
 28126 | Lair:6   | Reached XP level 16. HP: 122/125 MP: 29/31
 30623 | D:15     | Bought the +1 cloak of Starlight {rElec rC+ EV+4 Stlth--}
                  | for 1290 gold pieces
 30623 | D:15     | Found the +1 cloak of Starlight {rElec rC+ EV+4 Stlth--}
 30668 | D:15     | Learned a level 4 spell: Summon Lightning Spire
 30674 | D:15     | Learned a level 5 spell: Aura of Abjuration
 30681 | D:15     | Learned a level 5 spell: Summon Forest
 30688 | D:15     | Learned a level 5 spell: Summon Demon
 31021 | Orc:2    | Bought a scroll of immolation for 94 gold pieces
 31021 | Orc:2    | Bought a scroll of teleportation for 81 gold pieces
 31021 | Orc:2    | Bought a scroll of fear for 94 gold pieces
 31021 | Orc:2    | Bought a potion of haste for 270 gold pieces
 31269 | Swamp:1  | Entered Level 1 of the Swamp
 31689 | Swamp:1  | Noticed Kirke
 31701 | Swamp:1  | Killed Kirke
 31736 | Swamp:1  | Found a transporter.
 31828 | Swamp:1  | Found a transporter.
 31918 | Swamp:1  | Noticed a thorn hunter
 31942 | Swamp:1  | Killed a thorn hunter
 31990 | Swamp:1  | Got a crude amber ring
 31996 | Swamp:1  | Identified the ring "Bigoaz" {MP+9 Stlth+} (You found it on
                  | level 1 of the Swamp)
 31999 | Swamp:1  | Got a heavily runed gossamer ring
 32001 | Swamp:1  | Identified the ring of the Cast Vote {rElec Stlth+} (You
                  | found it on level 1 of the Swamp)
 32785 | Swamp:2  | Got a dazzling scale mail
 32968 | Swamp:2  | HP: 6/127 [shambling mangrove (13)]
 33817 | Swamp:2  | Noticed a thorn hunter
 33824 | Swamp:2  | Killed a thorn hunter
 34163 | Swamp:3  | Identified the +2 scale mail of Loet {Int+4 Stlth+} (You
                  | found it on level 2 of the Swamp)
 34317 | Swamp:3  | Reached XP level 17. HP: 107/133 MP: 33/33
 34773 | Swamp:3  | Identified the +1 robe of the Mackerel {*Corrode Str+2
                  | Dex+7} (You found it on level 3 of the Swamp)
 34880 | Swamp:3  | Noticed Donald
 35267 | Swamp:3  | Identified the ring "Myirch" {MP+9 Int+8}
 35293 | Swamp:3  | Killed Donald
 35845 | Swamp:3  | Learned a level 5 spell: Summon Mana Viper
 35890 | Swamp:4  | Entered Level 4 of the Swamp
 37563 | Swamp:4  | Noticed the 27-headed Lernaean hydra
 37595 | Swamp:3  | HP: 4/133 [six-headed hydra (4)]
 38264 | Swamp:4  | Killed the 27-headed Lernaean hydra
 38520 | Swamp:4  | Got a decaying rune of Zot
 38916 | D:15     | Learned a level 6 spell: Shadow Creatures
 39144 | Spider:1 | Entered Level 1 of the Spider Nest
 39151 | Spider:1 | Noticed Jorgrun
 39158 | Spider:1 | HP: 4/133 [wolf spider (16)]
 39158 | Spider:1 | Slain by an entropy weaver

Levels and vault maps discovered:
D:1:      minmay_arrival_stone_box, layout_basic, hangedman_decor_lopped,
          grunt_decor_one_mirror
D:2:      layout_loops_ring, uniq_crazy_yiuf_cottage, uniq_terence
D:3:      layout_loops_corners, kennysheep_path_1
D:4:      layout_loops_cross, nemelex_xobeh_ov_fountains_minmay
D:5:      minmay_inner_zag, layout_loops_ring, first_ration,
          yredelemnul_altar_generic
D:6:      layout_cave_pools, grunt_temple_overflow_forces_of_nature,
          nicolae_ru_great_annihilating_truth, old_standard_altar,
          portal_sewer_entry_c
D:7:      cheibrodos_barr_body, layout_loops_cross, minmay_temple_entry_ruins
D:8:      gammafunk_the_bubble [the_bubble_gammafunk_crates], layout_rooms,
          biasface_ghost_orc_armoury, minmay_shop_grid_forest,
          lemuel_angel_altar
D:9:      layout_long_grid, lemuel_round_altar, slow_altar_2, erik_orc_1,
          hangedman_fish_farm, uniq_pikel
D:10:     cheibrodos_wizards_tower, layout_small_grid, minmay_lair_entry_grove,
          ebering_ghost_rock_garden, uniq_gastronok
D:11:     layout_basic, basic_altar
D:12:     layout_irregular_city, uniq_urug, uniq_josephine
D:13:     layout_stronghold, serial_bayou_pond_d, nicolae_twisting_strands,
          hangedman_aviary, uniq_nessos, uniq_azrael, uniq_sonja
D:14:     layout_basic, david_vaults_1, serial_ice, serial_ice_k, serial_ice_m,
          serial_ice_h, serial_ice_b, serial_ice_a,
          portal_ice_cave_entry_ice_beasts, serial_bayou_lagoon_a,
          kennysheep_cross_room
D:15:     grunt_enter_depths_hoard, layout_loops_ring, glass_columns_c,
          nicolae_trove_entry_columns
Temple:   regret_index_temple_waves
Lair:1:   beast_lair_carwin_large_4, layout_small_grid, gammafunk_ghost_ooze,
          grunt_forest_small_clearing_treed
Lair:2:   layout_regular_city, nicolae_spider_entry_orb_guardian,
          kennysheep_snail_temple, grunt_megastairs_3
Lair:3:   layout_gridlike, swamp_mist, uniq_fannar
Lair:4:   layout_concentric_octagons, ldierk_geyser
Lair:5:   layout_concentric_octagons, slime_altar_2
Lair:6:   guppyfry_lair_end_dragon, layout_cave_shapes, worms_lemuel,
          grunt_megastairs_4
Swamp:1:  gammafunk_its_a_trap, layout_basic_swamp, evilmike_swamp_ruin_house_3,
          uniq_kirke
Swamp:2:  layout_falls_marsh, evilmike_swamp_ruin_house_6, swamp_pool1
Swamp:3:  layout_basic_swamp, hangedman_swamp_diagram, swamp_pool1,
          infiniplex_staircase_pool, uniq_donald
Swamp:4:  swamp_old_school, layout_basic_swamp, infiniplex_staircase_pool_2
Spider:1: layout_spider_delve, guppyfry_hornet_nest, uniq_jorgrun, uniq_asterion
Orc:1:    nicolae_orc_accident_3, layout_diamond_mine,
          ebering_ghost_inner_flame, serial_shops, shop, uniq_erolcha
Orc:2:    st_orc_mages, layout_diamond_mine

Skill      XL: |  1  2  3  4  5  6  7  8  9 10 11 12 13 14 15 16 17 |
---------------+----------------------------------------------------+-----
Spellcasting   | 5 6 7 8 9 10 11 12 | 12.3
Invocations    | 1 2 3 4 5 6 7 8 9 10 11 12 | 12.3
Short Blades   | 1 2 3 4 5 6 7 8 9 10 11 | 11.4
Axes           | 1 2 3 4 5 6 7 8 9 10 11 | 11.4
Maces & Flails | 1 2 3 4 5 6 7 8 9 10 11 | 11.4
Polearms       | 1 2 3 4 5 6 7 8 9 10 11 | 11.4
Staves         | 1 2 3 4 5 6 7 8 9 10 11 | 11.4
Slings         | 1 2 3 4 5 6 7 8 9 10 11 | 11.4
Bows           | 1 2 3 4 5 6 7 8 9 10 11 | 11.4
Crossbows      | 1 2 3 4 5 6 7 8 9 10 11 | 11.4
Throwing       | 1 2 3 4 5 6 7 8 9 10 11 | 11.4
Stealth        | 1 2 3 4 5 6 7 8 9 10 11 | 11.4
Shields        | 1 2 3 4 5 6 7 8 9 10 11 | 11.4
Unarmed Combat | 1 2 3 4 5 6 7 8 9 10 11 | 11.4
Evocations     | 1 2 3 4 5 6 7 8 9 10 11 | 11.4
Conjurations   | 1 2 3 4 5 6 7 8 9 |  9.7
Hexes          | 1 2 3 4 5 6 7 8 9 |  9.7
Summonings     | 1 2 3 4 5 6 7 8 9 |  9.7
Necromancy     | 1 2 3 4 5 6 7 8 9 |  9.7
Translocations | 1 2 3 4 5 6 7 8 9 |  9.7
Transmutations | 1 2 3 4 5 6 7 8 9 |  9.7
Fire Magic     | 1 2 3 4 5 6 7 8 9 |  9.7
Ice Magic      | 1 2 3 4 5 6 7 8 9 |  9.7
Air Magic      | 1 2 3 4 5 6 7 8 9 |  9.7
Earth Magic    | 1 2 3 4 5 6 7 8 9 |  9.7
Poison Magic   | 1 2 3 4 5 6 7 8 9 |  9.7
Armour         | 3 4 5 6 7 8 9 10 11 | 11.6
Fighting       | 5 6 7 8 9 10 11 12 | 12.1
Long Blades    | 5 6 7 8 9 10 11 12 | 12.1
Dodging        | 5 6 7 8 9 10 11 12 | 12.1
Charms         | 6 7 8 9 10 11 | 11.0

Action                   |  1- 3 |  4- 6 |  7- 9 | 10-12 | 13-15 | 16-18 || total
-------------------------+-------+-------+-------+-------+-------+-------++-------
Melee: Falchion          |    81 |    12 |       |       |       |       ||    93
       Bite              |     4 |    15 |    57 |    97 |   184 |   104 ||   461
       Short sword       |       |   124 |   392 |   111 |       |       ||   627
       Punch             |       |     1 |     3 |    13 |    60 |    62 ||   139
       Quarterstaff      |       |       |    60 |   280 |    52 |       ||   392
       Rapier            |       |       |       |   295 |   237 |       ||   532
       Scimitar          |       |       |       |       |    86 |   202 ||   288
       Dagger            |       |       |       |       |   795 |   470 ||  1265
 Fire: Shortbow          |       |       |       |   376 |   378 |   139 ||   893
       Hunting sling     |       |       |       |       |     7 |     1 ||     8
Throw: Boomerang         |       |       |     6 |     1 |     3 |       ||    10
 Cast: Tukima's Dance    |       |       |       |     2 |     8 |       ||    10
       Lesser Beckoning  |       |       |       |       |     7 |       ||     7
       Summon Butterflie |       |       |       |       |     4 |     1 ||     5
       Summon Demon      |       |       |       |       |       |    57 ||    57
       Aura of Abjuratio |       |       |       |       |       |     1 ||     1
       Summon Mana Viper |       |       |       |       |       |    19 ||    19
       Force Lance       |       |       |       |       |       |     2 ||     2
       Shroud of Golubri |       |       |       |       |       |     1 ||     1
       Summon Forest     |       |       |       |       |       |     1 ||     1
Invok: Call Merchant     |       |       |       |       |     2 |     2 ||     4
Evoke: Wand              |       |       |     1 |     9 |    32 |    10 ||    52
       Sack of spiders   |       |       |       |     2 |     2 |       ||     4
       Lightning rod     |       |       |       |       |     5 |     2 ||     7
  Use: Scroll            |     5 |     7 |     4 |    12 |    16 |    25 ||    69
       Potion            |       |     1 |       |     3 |    15 |    10 ||    29
 Stab: Sleeping          |     4 |     1 |     5 |     8 |    40 |     3 ||    61
       Invisible         |       |       |     1 |       |     9 |     4 ||    14
       Distracted        |       |       |     1 |     3 |    16 |     8 ||    28
       Paralysed         |       |       |       |    11 |    15 |       ||    26
       Petrifying        |       |       |       |     1 |       |       ||     1
       Petrified         |       |       |       |     7 |       |       ||     7
       Fleeing           |       |       |       |       |     1 |       ||     1
  Eat: Chunk             |     1 |     6 |    11 |     1 |       |       ||    19
       Ration            |       |     1 |       |    10 |    12 |    11 ||    34
Armor: Leather armour    |    17 |     1 |       |       |       |       ||    18
       Scale mail        |       |    54 |    87 |       |       |       ||   141
       Ring mail         |       |       |    89 |   286 |   325 |   269 ||   969
Dodge: Dodged            |    65 |    78 |   334 |   535 |   706 |   764 ||  2482
Block: Buckler           |       |       |       |    50 |       |       ||    50
       Rpst.: Falchion   |    23 |     3 |       |       |       |       ||    26
       Scimitar          |       |       |       |       |    10 |    45 ||    55
